 Dungeon Crawl Stone Soup version 0.26-b1-59-ge38874ec40 (webtiles) character file.

Game seed: 18240202324610905635

161 buriedalive the Conjurer (level 5, -13/28 HPs)
             Began as a Deep Elf Conjurer on Jan 8, 2021.
             Mangled by an orc warrior
             ... wielding a +0 short sword
              (20 damage)
             ... on level 3 of the Dungeon.
             The game lasted 00:07:06 (2765 turns).

buriedalive the Conjurer (Deep Elf Conjurer)        Turns: 2765, Time: 00:07:07

Health: -13/28     AC:  4    Str: 10    XL:     5   Next: 19%
Magic:  3/14       EV: 14    Int: 24    God:
Gold:   147        SH:  0    Dex: 13    Spells: 10/13 levels left

rFire    . . .     SeeInvis .   y - +2 dagger (venom)
rCold    . . .     Faith    .   (no shield)
rNeg     . . .     Spirit   .   a - +0 robe
rPois    .         Reflect  .   u - +0 helmet
rElec    .         Harm     .   (no cloak)
rCorr    .         Rampage  .   h - +0 pair of gloves
Will     .....                  (no boots)
Stlth    ++........             (no amulet)
HPRegen  0.09/turn              b - +6 ring of strength
MPRegen  0.14/turn              (no ring)

@: about to teleport
A: no striking features
a: no special abilities


You were on level 3 of the Dungeon.
You visited 1 branch of the dungeon, and saw 3 of its levels.

You collected 147 gold pieces.

Inventory:

Hand Weapons
 g - a +0 dagger
 n - a +2 whip of electrocution
 y - a +2 dagger of venom (weapon)
Missiles
 j - 16 stones
 k - 8 boomerangs
 l - 7 silver javelins
 s - 26 sling bullets
 x - 6 poisoned darts (quivered)
Armour
 a - a +0 robe (worn)
 h - a +0 pair of gloves (worn)
 u - a +0 helmet (worn)
Jewellery
 b - a +6 ring of strength (left hand)
 f - a +6 ring of strength
 v - a cursed amulet of inaccuracy {unknown}
Scrolls
 e - 2 scrolls of teleportation
 i - a scroll of magic mapping
 m - a scroll of remove curse
 o - a scroll of immolation
 p - a scroll of amnesia {unknown}
 t - a scroll of enchant weapon {unknown}
 w - a scroll of blinking {unknown}
Potions
 c - 2 potions of degeneration {unknown}
 d - a potion of heal wounds {unknown}
 q - 2 potions of curing {unknown}
 r - 2 potions of might {unknown}


   Skills:
 + Level 4.2 Dodging
 - Level 2.4 Stealth
 + Level 4.8 Spellcasting
 + Level 5.4 Conjurations


You had 10 spell levels left.
You knew the following spells:

 Your Spells              Type           Power        Failure   Level
a - Magic Dart            Conj           100%         1%          1
b - Searing Ray           Conj           64%          1%          2

Your spell library contained the following spells:

 Spells                   Type           Power        Failure   Level
 Dazzling Flash           Conj/Hex       36%          9%          3
 Fulminant Prism          Conj/Hex       9%           28%         4
 Iskenderun's Mystic Bla  Conj/Tloc      18%          28%         4


Dungeon Overview and Level Annotations

Branches:
Dungeon (3/15)

Altars:


Message History

The searing ray hits the orc priest!
You kill the orc priest!
You finish channeling your searing ray.
You have reached level 5!
Unknown command.
Throw: 7 darts (poison)
Press: ? - help, Q - select action, (/) - cycle Shift-Dir - straight line, f/p - orc warrior
Aim: an orc warrior, wielding a +0 short sword and wearing a +0 plate armour (moderately wounded, poisoned)
You throw a poisoned dart.
The poisoned dart closely misses the orc warrior.
The orc warrior closely misses you.
The orc warrior hits you with a +0 short sword!
Ouch! That really hurt!
* * * LOW HITPOINT WARNING * * *
The orc warrior looks more healthy.
As you read the scroll of teleportation, it crumbles to dust.
You feel strangely unstable.
The orc warrior hits you with a +0 short sword!!
Ouch! That really hurt!
You die...

#..,,,,,,,,....,,,
#.#********#..#*** #.#
#..# * #####.# #..#*##
##...#.# ######..#...
#......#####.....(B....
#.............###.##...
#......#####.## #.#***#
##...#@# #.####.#####
##.##o#####...........
#.##...†.o).((..####.
#.############### *,
#####.# *, #...[.#
***********, #.#####
*,,,,,,,,,,, #,*
*,*********, *,* *,* *,


You could see an orc warrior.

Vanquished Creatures
  An orc wizard (D:3)
  An orc priest (D:3)
  A bullfrog skeleton (D:3)
  2 adders (D:2)
  3 worms
  5 orcs (D:3)
  4 bats
  2 giant cockroaches
  6 goblins
  A hobgoblin (D:1)
  3 jackals (D:2)
  7 kobolds
  2 quokkas (D:2)
  3 frilled lizards
  7 rats
48 creatures vanquished.

Vanquished Creatures (others)
  12 fungi (D:3)
  22 plants (D:3)
34 creatures vanquished.

Grand Total: 82 creatures vanquished

Notes
Turn   | Place    | Note
-------+----------+-------------------------------------------
     0 | D:1      | buriedalive the Deep Elf Conjurer began the quest for the
                  | Orb.
     0 | D:1      | Reached XP level 1. HP: 10/10 MP: 6/6
   305 | D:1      | Reached XP level 2. HP: 15/15 MP: 5/8
   925 | D:2      | Learned a level 2 spell: Searing Ray
  1602 | D:2      | Reached XP level 3. HP: 19/19 MP: 3/10
  2236 | D:3      | Reached skill level 5 in Conjurations
  2485 | D:3      | Reached XP level 4. HP: 24/24 MP: 4/12
  2734 | D:3      | Noticed an orc warrior
  2761 | D:3      | Reached XP level 5. HP: 21/28 MP: 2/14
  2765 | D:3      | Mangled by an orc warrior

Illustrated notes

Levels and vault maps discovered:
D:1:      heliophobic_arrival_glass_houses, layout_basic, minmay_tromino_v2
D:2:      layout_basic
D:3:      layout_loops_ring, tgw_fedhas

Skill      XL: |  1  2  3  4 |
---------------+-------------+-----
Dodging        | 3 4 |  4.2
Spellcasting   | 4 |  4.8
Conjurations   | 5 |  5.4
Stealth        | |  2.4

Action                   |  1- 3 |  4- 6 || total
-------------------------+-------+-------++-------
Melee: Whip              |    19 |     1 ||    20
Throw: Dart              |       |     3 ||     3
 Cast: Magic Dart        |    38 |     5 ||    43
       Searing Ray       |     8 |     6 ||    14
  Use: Scroll            |       |     5 ||     5
 Stab: Sleeping          |     3 |       ||     3
       Distracted        |     1 |       ||     1
Armor: Robe              |     2 |       ||     2
Dodge: Dodged            |     7 |     2 ||     9
